Workbook
Name Excel_BuiltIn_Print_Area: 'Identificação da unidade'!$A$1:$L$23
Name Excel_BuiltIn_Print_Area: 'Informações Técnicas'!$A$2:$P$19
Name Excel_BuiltIn_Print_Area: 'Gases, lavanderia e resíduo'!$A$1:$G$46
Name Excel_BuiltIn_Print_Area: Nutrição!$A$1:$G$56
Name Excel_BuiltIn_Print_Area: Equipamentos!$A$1:$R$406
Name Excel_BuiltIn_Print_Area: 'Infra-estrutura'!$A$1:$H$87
Name Excel_BuiltIn_Print_Area: 'Atividade I'!$A$1:$K$176
Name Excel_BuiltIn_Print_Area: 'Atividade II '!$A$1:$E$84
Name Excel_BuiltIn_Print_Area: 'AIH-SIA'!$A$1:$E$78
Name Excel_BuiltIn_Print_Area: 'Anexos de justificativas'!$A$1:$F$34

Sheet Informações Técnicas
A2: Secretaria da Saúde do Estado da Bahia | O2: UNIDADE: | P2: COMPLEXO
A3: Relatório de Informação Hospitalar | O3: ANO: | P3: 2026
O4: MÊS: | P4: SETEMBRO
I7: BLOCO B | K7: Informações Técnicas | O7: VERSÃO 4.0
K9: Presidente / Responsável | L9: Cons./Estado | M9: Número | N9: Suplente | O9: Cons./Estado | P9: Número
A10: 1. Comissão de Avaliação e Revisão de Prontuários: | K10: INDIRA RAMOS SENNA SOUZA | L10: CRM | M10: 32066 | N10: LUANA STELA DE ARAÚJO | O10: COREN | P10: 406638
A11: 2. Comissão de Controle de Infecção Hospitalar: | K11: ELAINE PÚBLIO MORAES ROCHA | L11: COREN | M11: 168056 | N11: EMILLE STELLA DE ARAUJO SANTOS | O11: COREN | P11: 420558
A12: 3. Comissão de Farmácia Terapeutica: | K12: DANIELE SOUZA NASCIMENTO | L12: CRF-BA | M12: 11095 | N12: THAISE CAIRES SILVA | O12: CRF-BA | P12: 8578
A13: 4. Comissão de Ética Médica: | K13: ADRIANO SILVA PIRES | L13: CRM | M13: 204588 | N13: ANDERSON BARRETO DA CUNHA | O13: CRM | P13: 24424
A14: 5. Comissão de Ética de Enfermagem:
A15: 6. Comissão Interna de Prevenção de Acidentes de Trabalho (CIPA):
A16: 7. Comissão de Humanização da Assistência: | K16: GLAUCIE MENDES DE SOUZA | L16: CRBM | M16: 14816 | N16: EMILLE STELLA DE ARAUJO SANTOS | O16: COREN | P16: 420558
A17: 8. Comissão de Estudo de Mortalidade Materna: | K17: MARIETA OLIVEIRA DOS ANJOS | L17: CRP | M17: 06/191073 | N17: ROBERTA OLIVEIRA DE LEMOS | O17: COREN | P17: 367132
A18: 9. Comissão de Estudo de Mortalidade Neonatal: | K18: LUCAS DOS SANTOS ALCANTARA | L18: COREN | M18: 711512 | N18: ROBERTA OLIVEIRA DE LEMOS | O18: COREN | P18: 367132
A19: 10. SAC - Serviço de Atendimento ao Cliente: | K19: ANA TEREZA ARGOLO DE LUNA | L19: COREN | M19: 576821 | N19: EMILLE STELLA DE ARAUJO SANTOS | O19: COREN | P19: 420558

Sheet Identificação da unidade
A2: Secretaria da Saúde do Estado da Bahia | J2: ANO | K2: 2026
A3: Relatório de Informação Hospitalar | J3: MÊS | K3: SETEMBRO
A6: ATENÇÃO: PREENCHA OS CAMPOS EM AMARELO. OS DEMAIS CAMPOS ESTÃO PROTEGIDOS.
B8: BLOCO A | D8: IDENTIFICAÇÃO DA UNIDADE | K8: VERSÃO 4.1
C10: Unidade: | D10: MATERNIDADE FREI JUSTO VENTURE/ HOSPITAL REGIONAL DA CHAP.
C11: CNPJ: | D11: 05.413.531/0001-20/ 05.413.531/0001-20
C12: CNES: | D12: 2870045/ 9383298
A13: Instituição Gestora: | D13: FUNDAÇÃO ABM DE PESQUISA E EXTENSÃO NA AREA DA SAÚDE
C15: Endereço: | D15: PRAÇA DA BANDEIRA - 100/ RUA-FRANCISCO COSTA 348-465
C16: Cidade: | D16: SEABRA
A18: Responsável pela Unidade: | D18: ALESSANDER RODRIGUES DA ROZA
C19: Cargo: | D19: Diretor Geral
C20: Telefone: | D20: 22-99427299
C21: E-mail: | D21: administracao.hrc@fabamed.org.br

Sheet FINANCEIRO GERAL 
A2: Secretaria da Saúde do Estado da Bahia | D2: UNIDADE: | E2: CHAPADA
A3: Relatório de Informação Hospitalar | D3: ANO: | E3: 2026
D4: MÊS: | E4: SETEMBRO
A7: BLOCO C | B7: SITUAÇÃO FINANCEIRA
A8: Campo | B8: Conceito | C8: Valor
A9: A | B9: SALDO ANTERIOR | C9: 1
A11: B | B11: TOTAL RECEITAS | C11: =SUM(C12:C14) -> 5401119
A12: B1 | B12: CONTRATO SESAB / LÍQUIDO RECEBIDO | C12: 4002736.9
A13: B2 | B13: APLICAÇÃO FINANCEIRA | C13: -124660.73
A14: B3 | B14: OUTROS RECEBIMENTOS | C14: 1523042.8
A16: C | B16: TOTAL DESPESA | C16: =SUM(C17:C41) -> 5401119
A17: C1 | B17: FOLHA | C17: =SUM('FINANCEIRO DETALHADO '!D11:D18) -> 1603897.5
A18: C2 | B18: SERVIÇOS MÉDICOS TERCEIRIZADOS | C18: =SUM('FINANCEIRO DETALHADO '!D19:D56) -> 1621026.4
A19: C3 | B19: SERVIÇOS ASSISTENCIAIS TERCEIRIZADOS | C19: =SUM('FINANCEIRO DETALHADO '!D57:D63) -> 43021.85
A20: C4 | B20: MEDICAMENTOS | C20: ='FINANCEIRO DETALHADO '!D64+'FINANCEIRO DETALHADO '!D65 -> 301434.02
A21: C5 | B21: MATERIAIS MÉDICOS | C21: =SUM('FINANCEIRO DETALHADO '!D66:D70) -> 274086.72
A22: C6 | B22: LABORATÓRIO | C22: =SUM('FINANCEIRO DETALHADO '!D71:D75) -> 42647.07
A23: C7 | B23: NUTRIÇÃO | C23: =SUM('FINANCEIRO DETALHADO '!D76:D80) -> 796251.33
A24: C8 | B24: SERVIÇOS DE CONCESSÃO PÚBLICA | C24: =SUM('FINANCEIRO DETALHADO '!D82:D86) -> 11819.29
A25: C9 | B25: LIMPEZA E HIGIENIZAÇÃO | C25: ='FINANCEIRO DETALHADO '!D87+'FINANCEIRO DETALHADO '!D88 -> 109794.75
A26: C10 | B26: SERVIÇO DE MANUTENÇÃO | C26: =SUM('FINANCEIRO DETALHADO '!D89:D97) -> 99862.08
A27: C11 | B27: MATERIAIS DE MANUTENÇÃO | C27: =SUM('FINANCEIRO DETALHADO '!D98:D102) -> 7033.84
A28: C12 | B28: MATERIAL DE EXPEDIENTE | C28: ='FINANCEIRO DETALHADO '!D103+'FINANCEIRO DETALHADO '!D104 -> 13898.39
A29: C13 | B29: LAVANDERIA | C29: =SUM('FINANCEIRO DETALHADO '!D105:D107) -> 31089.14
A30: C14 | B30: TRANSPORTES | C30: =SUM('FINANCEIRO DETALHADO '!D108:D114) -> 39512.55
A31: C15 | B31: COMUNICAÇÃO E MARKETING | C31: =SUM('FINANCEIRO DETALHADO '!D115:D122) -> 9797
A32: C16 | B32: TEC. DA INFORMAÇÃO E COMUNICAÇÃO | C32: =SUM('FINANCEIRO DETALHADO '!D123:D125) -> 13527.13
A33: C17 | B33: VIAGENS | C33: =SUM('FINANCEIRO DETALHADO '!D126:D128) -> 0
A34: C18 | B34: CONSULTORIAS | C34: =SUM('FINANCEIRO DETALHADO '!D129:D133) -> 231553.25
A35: C19 | B35: TAXAS E JUROS | C35: =SUM('FINANCEIRO DETALHADO '!D134:D138) -> 2850.22
A36: C20 | B36: ENSINO E PESQUISA | C36: =SUM('FINANCEIRO DETALHADO '!D139:D142) -> 16819.7
A37: C21 | B37: MATERIAL PERMANENTE | C37: =SUM('FINANCEIRO DETALHADO '!D143:D149) -> 111410.21
A38: C22 | B38: IMPOSTOS | C38: =SUM('FINANCEIRO DETALHADO '!D150:D152) -> 166.42
A39: C23 | B39: MATERIAL DE CONSUMO | C39: ='FINANCEIRO DETALHADO '!D153 -> 0
A40: C24 | B40: SEGUROS | C40: =SUM('FINANCEIRO DETALHADO '!D154:D156) -> 3795.9
A41: C25 | B41: OUTROS NÃO DETALHADOS | C41: ='FINANCEIRO DETALHADO '!D157 -> 15824.2
B43: RESULTADO FINAL (A+B-C) | C43: =C9+C11-C16 -> 1
A46: D | B46: PROVISÃO TRABALHISTA (D1+D2) | C46: =SUM(C47:C48) -> 11582771
A47: D1 | B47: SALDO PROVISÃO ACUMULADO | C47: 11247702
A48: D2 | B48: PROVISÃO DO MÊS | C48: =40675.7+125431.83+168961.67 -> 335069.2
A51: Responsável pelo preenchimento
A53: Nome: | B53: MICHELE LIMA
A54: Cargo: | B54: ANALISTA PREST. CONTAS JR
A55: Telefone: | B55: (71) 3033-4507/3033-4528
A56: E-mail: | B56: PRESTACAODECONTAS@FABAMED.ORG.BR

Sheet FINANCEIRO DETALHADO 
B2: Secretaria da Saúde do Estado da Bahia UNIDADE: | D2: CHAPADA
B3: Relatório de Informação Hospitalar ANO: | D3: 2026
C4: MÊS: | D4: SETEMBRO
B8: BLOCO D | C8: DETALHAMENTO DAS DESPESAS DA UNIDADE
A10: Campo | B10: Código Objeto / Código Conceito | C10: Nota Explicativa / Detalhamento da Despesa | D10: Valor Pago
A11: 1 | B11: 1 - Folha / 1.1 - Salários | C11: FOLHA MENSAL + FOLHA COMPLEMENTAR PISO ENFERMAGEM | D11: 1337125.4
A12: 2 | B12: 1 - Folha / 1.2 - Obrigações Sociais / INSS
A13: 3 | B13: 1 - Folha / 1.3 - Obrigações Sociais / FGTS | D13: 87310.11
A14: 4 | B14: 1 - Folha / 1.4 - Obrigações Sociais / PIS
A15: 5 | B15: 1 - Folha / 1.5 - Benefícios
A16: 6 | B16: 1 - Folha / 1.6 - Provisão (13°, férias, rescisões etc) | D16: 177364.16
A17: 7 | B17: 1 - Folha / 1.7 - Seguros | D17: 2097.9
A18: 8 | B18: 1 - Folha / 1.8 - RPA (autônomo)
A19: 9 | B19: 2 - Serviços Médicos Terceirizados / 2.1 - Anestesiologia | D19: 286511
A20: 10 | B20: 2 - Serviços Médicos Terceirizados / 2.2 - Vasculares
A21: 11 | B21: 2 - Serviços Médicos Terceirizados / 2.3 - Cardiologia | D21: 17406
A22: 12 | B22: 2 - Serviços Médicos Terceirizados / 2.4 - Radiologia
A23: 13 | B23: 2 - Serviços Médicos Terceirizados / 2.5 - Oncologia
A24: 14 | B24: 2 - Serviços Médicos Terceirizados / 2.6 - Proctologia
A25: 15 | B25: 2 - Serviços Médicos Terceirizados / 2.7 - Urologia
A26: 16 | B26: 2 - Serviços Médicos Terceirizados / 2.8 - Cirurgia Plástica
A27: 17 | B27: 2 - Serviços Médicos Terceirizados / 2.9 - Cirurgia Geral | D27: 240053.99
A28: 18 | B28: 2 - Serviços Médicos Terceirizados / 2.10 - Cirurgia Cabeça e Pescoço
A29: 19 | B29: 2 - Serviços Médicos Terceirizados / 2.11 - Cirurgia Pediatrica
A30: 20 | B30: 2 - Serviços Médicos Terceirizados / 2.12 - Clínica Geral | D30: 371348.69
A31: 21 | B31: 2 - Serviços Médicos Terceirizados / 2.13 - Obstetrícia | D31: 253066.92
A32: 22 | B32: 2 - Serviços Médicos Terceirizados / 2.14 - Ultrassonografia | D32: 17432.37
A33: 23 | B33: 2 - Serviços Médicos Terceirizados / 2.15 - Pediatria | D33: 8176.5
A34: 24 | B34: 2 - Serviços Médicos Terceirizados / 2.16 - Ortopedia | D34: 114247.32
A35: 25 | B35: 2 - Serviços Médicos Terceirizados / 2.17 - Plantonistas
A36: 26 | B36: 2 - Serviços Médicos Terceirizados / 2.18 - Toco-Ginecologia
A37: 27 | B37: 2 - Serviços Médicos Terceirizados / 2.19 - Neurologia | D37: 23309
A38: 28 | B38: 2 - Serviços Médicos Terceirizados / 2.20 - Infectologia | D38: 13852.5
A39: 29 | B39: 2 - Serviços Médicos Terceirizados / 2.21 - Pneumologia
A40: 30 | B40: 2 - Serviços Médicos Terceirizados / 2.22 - Gastroenterologia
A41: 31 | B41: 2 - Serviços Médicos Terceirizados / 2.23 - Coloproctologia
A42: 32 | B42: 2 - Serviços Médicos Terceirizados / 2.24 - Genecologia
A43: 33 | B43: 2 - Serviços Médicos Terceirizados / 2.25 - Hematologia
A44: 34 | B44: 2 - Serviços Médicos Terceirizados / 2.26 - Nefrologia | D44: 11700
A45: 35 | B45: 2 - Serviços Médicos Terceirizados / 2.27 - Angiologia | D45: 21210.1
A46: 36 | B46: 2 - Serviços Médicos Terceirizados / 2.28 - Neonatologia | D46: 200143.54
A47: 37 | B47: 2 - Serviços Médicos Terceirizados / 2.29 - Terapia Intensiva Adulto
A48: 38 | B48: 2 - Serviços Médicos Terceirizados / 2.30 - Endocrinologia
A49: 39 | B49: 2 - Serviços Médicos Terceirizados / 2.31 - Nefropediatria
A50: 40 | B50: 2 - Serviços Médicos Terceirizados / 2.32 - Neuropediatria
A51: 41 | B51: 2 - Serviços Médicos Terceirizados / 2.33 - Cardiopediatria
A52: 42 | B52: 2 - Serviços Médicos Terceirizados / 2.34 - Oftalmologia
A53: 43 | B53: 2 - Serviços Médicos Terceirizados / 2.35 - Nutrologia
A54: 44 | B54: 2 - Serviços Médicos Terceirizados / 2.36 - Ecocardiografia | D54: 4692.5
A55: 45 | B55: 2 - Serviços Médicos Terceirizados / 2.37 - Ensino e Pesquisa
A56: 46 | B56: 2 - Serviços Médicos Terceirizados / 2.38 - Outras Especialidades Médicas | D56: 37876
A57: 47 | B57: 3 - Serviços Assistenciais Terceirizados / 3.1 - Hemodialise | D57: 2500
A58: 48 | B58: 3 - Serviços Assistenciais Terceirizados / 3.2 - Endoscopia | D58: 20034.35
A59: 49 | B59: 3 - Serviços Assistenciais Terceirizados / 3.3 - Internação Domiciliar
A60: 50 | B60: 3 - Serviços Assistenciais Terceirizados / 3.4 - Espirometria
A61: 51 | B61: 3 - Serviços Assistenciais Terceirizados / 3.5 - Eletroencefalograma
A62: 52 | B62: 3 - Serviços Assistenciais Terceirizados / 3.6 - Profissionais Nível Superior | D62: 20487.5
A63: 53 | B63: 3 - Serviços Assistenciais Terceirizados / 3.7 - Esterilização
A64: 54 | B64: 4 - Medicamentos / 4.1 - Medicamentos | D64: 301434.02
A65: 55 | B65: 4 - Medicamentos / 4.2 - Nutrição Parenteral
A66: 56 | B66: 5 - Materiais Médicos / 5.1 - Material Penso | D66: 246643.05
A67: 57 | B67: 5 - Materiais Médicos / 5.2 - OPME | D67: 25645.67
A68: 58 | B68: 5 - Materiais Médicos / 5.3 - CME
A69: 59 | B69: 5 - Materiais Médicos / 5.4 - Gases Medicinais
A70: 60 | B70: 5 - Materiais Médicos / 5.5 - Radiológicos | D70: 1798
A71: 61 | B71: 6 - Laboratório / 6.1 - Insumos | D71: 32811.48
A72: 62 | B72: 6 - Laboratório / 6.2 - Laboratório (Se Terceirizado) | D72: 5815.26
A73: 63 | B73: 6 - Laboratório / 6.3 - PNCQ
A74: 64 | B74: 6 - Laboratório / 6.4 - Comodatos
A75: 65 | B75: 6 - Laboratório / 6.5 - Exames Terceirizados | D75: 4020.33
A76: 66 | B76: 7 - Nutrição / 7.1 - Gêneros Alimentícios | D76: 771871.69
A77: 67 | B77: 7 - Nutrição / 7.2 - Nutrição Enteral | D77: 17127.78
A78: 68 | B78: 7 - Nutrição / 7.3 - Água Mineral
A79: 69 | B79: 7 - Nutrição / 7.4 - GLP
A80: 70 | B80: 7 - Nutrição / 7.5 - Descartáveis | D80: 7251.86
A81: 71 | B81: 7 - Nutrição / 7.6 - Material de Limpeza
A82: 72 | B82: 8 - Serviços de Concessão Pública / 8.1 - Coleta de Lixo Hospitalar | D82: 8998.4
A83: 73 | B83: 8 - Serviços de Concessão Pública / 8.2 - Telefonia
A84: 74 | B84: 8 - Serviços de Concessão Pública / 8.3 - Provedor de Internet | D84: 2820.89
A85: 75 | B85: 8 - Serviços de Concessão Pública / 8.4 - Água
A86: 76 | B86: 8 - Serviços de Concessão Pública / 8.5 - Energia Elétrica
A87: 77 | B87: 9 - Limpeza e Higienização / 9.1 - Serviço de Limpeza e Higienização (terceirizado) | D87: 61195.7
A88: 78 | B88: 9 - Limpeza e Higienização / 9.2 - Material de Limpeza e Higienização | D88: 48599.05
A89: 79 | B89: 10 - Serviços de Manutenção / 10.1 - Engenharia Clínica | D89: 64463
A90: 80 | B90: 10 - Serviços de Manutenção / 10.2 - Refrigeração | D90: 22306
A91: 81 | B91: 10 - Serviços de Manutenção / 10.3 - Detetização
A92: 82 | B92: 10 - Serviços de Manutenção / 10.4 - Elevadores
A93: 83 | B93: 10 - Serviços de Manutenção / 10.5 - Gerador de Energia | D93: 3040
A94: 84 | B94: 10 - Serviços de Manutenção / 10.6 - Contratos Manutenção Equip. Médico/Hospitalar
A95: 85 | B95: 10 - Serviços de Manutenção / 10.7 - Servidor de Telefonia
A96: 86 | B96: 10 - Serviços de Manutenção / 10.8 - Central Telefônica
A97: 87 | B97: 10 - Serviços de Manutenção / 10.9 - Prestações Eventuais de Serviços Terc. PF e PJ | D97: 10053.08
A98: 88 | B98: 11 - Materiais de Manutenção / 11.1 - Material de Manutenção Predial | D98: 6444.84
A99: 89 | B99: 11 - Materiais de Manutenção / 11.2 - Material de Manutenção Equipamentos (demais) | D99: 399
A100: 90 | B100: 11 - Materiais de Manutenção / 11.3 - Material de Manutenção Engenharia Clínica | D100: 190
A101: 91 | B101: 11 - Materiais de Manutenção / 11.4 - Fretes e Carretos Engenharia Clínica
A102: 92 | B102: 11 - Materiais de Manutenção / 11.5 - EPI
A103: 93 | B103: 12 - Material de Expediente / 12.1 - Impressos | D103: 1377.39
A104: 94 | B104: 12 - Material de Expediente / 12.2 - Material Expediente | D104: 12521
A105: 95 | B105: 13 - Lavanderia / 13.1 - Processamento de Roupa
...

Sheet Gases, lavanderia e resíduo
C2: Secretaria da Saúde do Estado da Bahia | F2: UNIDADE: | G2: CHAPADA
C3: Relatório de Informação Hospitalar | F3: ANO: | G3: 2026
F4: MÊS: | G4: SETEMBRO
A8: BLOCO E | C8: DETALHAMENTO DESPESAS COM GASES MEDICINAIS
B10: CAMPO | C10: ELEMENTOS DO CONTRATO | D10: MEDIDA | E10: CNPJ PRESTADOR | F10: QTDE. MÊS | G10: VALOR PAGO
B11: 1 | C11: Aluguel de Cilindro | D11: und.
B12: 2 | C12: Frete | D12: und.
B13: 3 | C13: Oxigênio Medicinal Gasoso | D13: m³ | E13: 34.833.671/0001-55 | G13: 1680
B14: 4 | C14: Oxigênio Medicinal Líquido | D14: m³ | E14: 31.442.779/0001-29 | G14: 44780
B15: 5 | C15: Ar Comprimido Medicinal Gasoso | D15: m³
B16: 6 | C16: Óxido Nitroso Medicinal | D16: kg
B17: 7 | C17: Argônio 4.5 | D17: m³
B18: 8 | C18: Nitrogênio 4.6 | D18: m³
B19: 9 | C19: Nitrogênio Comercial | D19: m³
B20: 10 | C20: Dióxido de Carbono 99% | D20: kg
B21: TOTAL GERAL NO MÊS | F21: =SUM(F11:F20) -> 0 | G21: =SUM(G11:G20) -> 46460
C24: DETALHAMENTO DESPESAS COM LAVANDERIA
B26: CAMPO | C26: ELEMENTOS DO CONTRATO | D26: MEDIDA | E26: CNPJ PRESTADOR | F26: QTDE. MÊS | G26: VALOR PAGO
B27: 1 | C27: Processamento de Roupa | D27: kg
B28: 2 | C28: Processamento de Roupa | D28: kg
B29: TOTAL GERAL NO MÊS | F29: =SUM(F27:F28) -> 0 | G29: =SUM(G27:G28) -> 0
C32: DETALHAMENTO DESPESAS COM DESCARTE DE RESÍDUOS SÓLIDOS E LÍQUIDOS
B34: CAMPO | C34: ELEMENTOS DO CONTRATO | D34: MEDIDA | E34: CNPJ PRESTADOR | F34: QTDE. MÊS | G34: VALOR PAGO
B35: 1 | C35: Descarte de Resíduos Hospitalares (Sólidos e Líquidos) | D35: kg | E35: 02.524.491/0001-03 | G35: 4514
B36: 2 | C36: Descarte de Resíduos Hospitalares (Sólidos e Líquidos) | D36: kg
B37: TOTAL GERAL NO MÊS | F37: =SUM(F35:F36) -> 0 | G37: 4514
C41: Responsável pelo preenchimento
B43: Nome: | C43: REGINALDO NOGUEIRA SILVA JUNIOR
B44: Cargo: | C44: COORDENADOR ADMINISTRATIVO
B45: Telefone: | C45: 75 99931 4704
B46: E-mail: | C46: prestconta.hrc@gmail.com

Sheet Nutrição
C2: Secretaria da Saúde do Estado da Bahia | F2: UNIDADE: | G2: COMPLEXO
C3: Relatório de Informação Hospitalar | F3: ANO: | G3: 2025
F4: MÊS: | G4: SETEMBRO
A8: BLOCO F | C8: DETALHAMENTO DESPESAS COM NUTRIÇÃO HOSPITALAR
B10: CAMPO | C10: ELEMENTOS DO CONTRATO | D10: MEDIDA | E10: CNPJ PRESTADOR | F10: QTDE. MÊS | G10: VALOR PAGO
B11: 1 | C11: 1. Paciente Adulto / 1.1 Desjejum | D11: und.
B12: 2 | C12: 1. Paciente Adulto / 1.2 Colação | D12: und.
B13: 3 | C13: 1. Paciente Adulto / 1.3 Almoço | D13: und.
B14: 4 | C14: 1. Paciente Adulto / 1.4 Lanche | D14: und.
B15: 5 | C15: 1. Paciente Adulto / 1.5 Jantar | D15: und.
B16: 6 | C16: 1. Paciente Adulto / 1.6 Ceia completa | D16: und.
B17: 7 | C17: 1. Paciente Adulto / 1.7 Ceia leve | D17: und.
B18: 8 | C18: 2. Paciente Infantil / 2.1 Desjejum | D18: und.
B19: 9 | C19: 2. Paciente Infantil / 2.2 Colação | D19: und.
B20: 10 | C20: 2. Paciente Infantil / 2.3 Almoço | D20: und.
B21: 11 | C21: 2. Paciente Infantil / 2.4 Lanche | D21: und.
B22: 12 | C22: 2. Paciente Infantil / 2.5 Jantar | D22: und.
... B35: 25 | C35: 4. Funcionários / 4.5 Ceia completa | D35: und.
B36: TOTAL REFEIÇÕES NO MÊS | F36: =SUM(F11:F35) -> 0 | G36: =SUM(G11:G35) -> 0
B38: CAMPO | C38: ELEMENTOS DO CONTRATO | D38: MEDIDA | E38: CNPJ PRESTADOR | F38: QTDE. MÊS | G38: VALOR PAGO
B39: 26 | C39: 5. Dieta Líquida / 5.1 Líquida | D39: und.
B40: 27 | C40: 5. Dieta Líquida / 5.2 Semi-líquida | D40: und.
B41: 28 | C41: 5. Dieta Líquida / 5.3 Líquida Restrita | D41: und.
B42: 29 | C42: 5. Dieta Líquida / 5.4 Fórmula Láctea ou Não Láctea | D42: und.
B43: 30 | C43: 5. Dieta Líquida / 5.5 Fórmula Infantil | D43: und.
B44: 31 | C44: 5. Dieta Líquida / 5.6 Fórmula Enteral | D44: und.
B45: TOTAL DIETAS LÍQUIDAS NO MÊS | F45: =SUM(F39:F44) -> 0 | G45: =SUM(G39:G44) -> 0
B47: TOTAL GERAL NO MÊS | F47: =SUM(F45,F36) -> 0 | G47: =SUM(G36,G45) -> 0
C51: Responsável pelo preenchimento
B53: Nome:
B54: Cargo:
B55: Telefone:
B56: E-mail:

Sheet Equipamentos
E2: Secretaria da Saúde do Estado da Bahia | J2: UNIDADE: | K2: COMPLEXO
E3: Relatório de Informação Hospitalar | J3: ANO: | K3: 2026
J4: MÊS: | K4: SETEMBRO
A6: Campo | B6: BLOCO G | D6: RELAÇÃO DE EQUIPAMENTOS MÉDICO-HOSPITALAR
A7: 1 | B7: Equipamento | C7: Data de Aquisição do Equipamento | D7: Fabricante | E7: Modelo | F7: Série | G7: Tombamento SESAB | H7: Estado de Conservação | I7: Setor / Localização | J7: Contrato Manutenção | K7: Empresa Contratada | L7: Valor do Contrato | M7: Data da Ultima Realização de Manutenção Preventiva no Mês | N7: Data da Ultima Realização de Manutenção Corretiva no Mês | O7: Custo Manutenção Corretiva / Equipamento Sem Cobertura | P7: Descrição dos Serviços Realizados no Mês | Q7: Número Dias Parados | R7: Impacto na Assistência
A8: 2 | B8: APARELHO CARDIOVERSOR | C8: 30/09/2021 | D8: CMOS DRAKE | E8: VIVO | F8: 321080458 | G8: 510349 | H8: BOM | I8: UCINCO | J8: STAFF
A9: 3 | B9: APARELHO CARDIOVERSOR | C9: 30/09/2021 | D9: CMOS DRAKE | E9: VIVO | F9: 321080470 | G9: 510350 | H9: BOM | I9: CENTRO CIRÚRGICO | J9: STAFF
A10: 4 | B10: APARELHO CARDIOVERSOR | C10: 30/09/2021 | D10: CMOS DRAKE | E10: VIVO | F10: 321080415 | G10: 510351 | H10: BOM | I10: UCINCA | J10: STAFF
A11: 5 | B11: APARELHO CARDIOVERSOR | C11: 30/09/2021 | D11: CMOS DRAKE | E11: VIVO | F11: 321080461 | G11: 510360 | H11: BOM | I11: POSTO ENF.01 | J11: STAFF
A12: 6 | B12: APARELHO DE ANESTESIA | C12: 29/10/2021 | D12: MINDRAY | E12: WATO EX-20 | F12: DW-16011876 | G12: 522710 | H12: BOM | I12: CENTRO CIRÚRGICO | J12: STAFF
A13: 7 | B13: APARELHO DE ANESTESIA | C13: 29/10/2021 | D13: MINDRAY | E13: WATO EX-20 | F13: DW-16011894 | G13: 522714 | H13: BOM | I13: SALA DE CURETAGEM C.C | J13: STAFF
A14: 8 | B14: APARELHO DE FOTOTERAPIA | C14: 31/01/2022 | D14: FANEM | E14: FBILITRON 3006 | F14: JA5097004 | G14: 532574 | H14: BOM | I14: UCINCO | J14: STAFF
A15: 9 | B15: APARELHO DE FOTOTERAPIA | C15: 31/01/2022 | D15: FANEM | E15: FBILITRON 3006 | F15: JA5097032 | G15: 532602 | H15: BOM | I15: C.CIRÚRGICO | J15: STAFF
A16: 10 | B16: APARELHO DE FOTOTERAPIA | C16: 31/01/2022 | D16: FANEM | E16: FBILITRON 3006 | F16: JA5097036 | G16: 532606 | H16: BOM | I16: UCINCO | J16: STAFF
A17: 11 | B17: APARELHO DE FOTOTERAPIA | C17: 31/01/2022 | D17: FANEM | E17: FBILITRON 3006 | F17: JA5097041 | G17: 532611 | H17: BOM | I17: UCINCO | J17: STAFF
A18: 12 | B18: APARELHO DE RAIO X | C18: 11/08/2021 | D18: VMI | E18: AQUILA 320 S | F18: 1483601001 | G18: 505479 | H18: BOM | I18: UCINCA | J18: STAFF
A19: 13 | B19: APARELHO DE ULTRASONOGRAFIA | C19: 23/12/2021 | D19: SAE VO | E19: FT422 | F19: 50002010038 | G19: 530355 | H19: BOM | I19: SALA DE USG | J19: STAFF
A20: 14 | B20: APARELHO DE ULTRASONOGRAFIA | C20: 44613 | D20: SAEVO | E20: EVUS 8 | F20: 500002228071 | G20: 530446 | H20: BOM | I20: CENTRO CIRÚRGICO | J20: STAFF
A21: 15 | B21: APARELHO DETECTOR FETAL | C21: 18/06/2021 | D21: MEDPEJ | E21: DF-7000 S | F21: 245853 | G21: 495460 | H21: BOM | I21: SALA DA MANUTENÇÃO | J21: STAFF
A22: 16 | B22: APARELHO DETECTOR FETAL | C22: 18/06/2021 | D22: MEDPEJ | E22: DF-7000 S | F22: 244261 | G22: 495461 | H22: BOM | I22: SALA DA MANUTENÇÃO | J22: STAFF
A23: 17 | B23: APARELHO DETECTOR FETAL | C23: 18/06/2021 | D23: MEDPEJ | E23: DF-7000 S | F23: 24459 | G23: 495462 | H23: BOM | I23: SALA DA MANUTENÇÃO | J23: STAFF
A24: 18 | B24: APARELHO DETECTOR FETAL | C24: 18/06/2021 | D24: MEDPEJ | E24: DF-7000 S | F24: 244241 | G24: 495465 | H24: BOM | I24: SALA DA TRIAGEM | J24: STAFF
A25: 19 | B25: APARELHO DETECTOR FETAL | C25: 18/06/2021 | D25: MEDPEJ | E25: DF-7000 S | F25: 244229 | G25: 495468 | H25: BOM | I25: QUARTO P.P.P 02 | J25: STAFF
A26: 20 | B26: APARELHO ELETROCARDIOGRAFO | C26: 06/07/2021 | D26: BIONET | E26: EKG-2000 | F26: E1V080029 | G26: 499435 | H26: BOM | I26: UCINCO | J26: STAFF
A27: 21 | B27: APARELHO ELETROCARDIOGRAFO | C27: 06/07/2021 | D27: BIONET | E27: EKG-2000 | F27: E1U0800030 | G27: 499436 | H27: BOM | I27: POSTO DE ENF.01 | J27: STAFF
A28: 22 | B28: APARELHO LARINGOSCOPIO | C28: 22/10/2020 | D28: MD | E28: XENON | F28: SEM SÉRIE | G28: 475142 | H28: BOM | I28: SALA DE CIRURGIA | J28: STAFF
A29: 23 | B29: APARELHO LARINGOSCOPIO | C29: 22/10/2020 | D29: MD | E29: XENON | F29: SEM SÉRIE | G29: 475143 | H29: BOM | I29: SALA DE CIRURGIA | J29: STAFF
A30: 24 | B30: APARELHO LARINGOSCOPIO | C30: 22/10/2020 | D30: MD | E30: XENON | F30: SEM SÉRIE | G30: 475144 | H30: BOM | I30: POSTO DE ENFERMAGEM 01 | J30: STAFF
A31: 25 | B31: APARELHO LARINGOSCOPIO | C31: 21/07/2021 | D31: MIKATOS | E31: SEM MODELO | F31: SEM SÉRIE | G31: 502784 | H31: BOM | I31: SALA DA MANUTENÇÃO | J31: STAFF
A32: 26 | B32: APARELHO LARINGOSCOPIO | C32: 21/07/2021 | D32: MIKATOS | E32: SEM MODELO | F32: SEM SÉRIE | G32: 502785 | H32: BOM | I32: UCINCO | J32: STAFF
A33: 27 | B33: APARELHO LARINGOSCOPIO | C33: 44621 | D33: MIKATOS | E33: SEM MODELO | F33: SEM SÉRIE | G33: 523395 | H33: BOM | I33: SALA DE CIRURGIA | J33: STAFF
A34: 28 | B34: APARELHO LARINGOSCOPIO | C34: 44621 | D34: MIKATOS | E34: SEM MODELO | F34: SEM SÉRIE | G34: 523396 | H34: BOM | I34: CENTRO CIRÚRGICO | J34: STAFF
A35: 29 | B35: APARELHO OFTALMOSCOPIO | C35: 29/11/2019 | D35: MD | E35: VISION 2000 | F35: SEM SÉRIE | G35: 442096 | H35: BOM | I35: UCINCA | J35: STAFF
A36: 30 | B36: APARELHO OFTALMOSCOPIO | C36: 11/11/2021 | D36: MD | E36: VISION 2000 | F36: SEM SÉRIE | G36: 519702 | H36: BOM | I36: SALA DA MANUTENÇÃO | J36: STAFF
A37: 31 | B37: APARELHO OFTALMOSCOPIO | C37: 11/11/2021 | D37: MD | E37: VISION 2000 | F37: SEM SÉRIE | G37: 519707 | H37: BOM | I37: POSTO ENF.01 | J37: STAFF
A38: 32 | B38: APARELHO OTOSCOPIO | C38: 43949 | D38: MD | E38: SEM MODELO | F38: SEM SÉRIE | G38: 453658 | H38: BOM | I38: CENTRO CIRÚRGICO | J38: STAFF
A39: 33 | B39: APARELHO TENSIOMETRO | C39: 27/09/2021 | D39: PREMIUM | E39: PEDESTAL | F39: 539753 | G39: 509988 | H39: BOM | I39: POSTO DE ENFERMAGEM 01 | J39: STAFF
A40: 34 | B40: APARELHO TENSIOMETRO | C40: 27/09/2021 | D40: PREMIUM | E40: PEDESTAL | F40: SEM SÉRIE | G40: 509989 | H40: BOM | I40: SALA DE EXAMES ADMISSÃO | J40: STAFF
A41: 35 | B41: APARELHO TENSIOMETRO | C41: 27/09/2021 | D41: PREMIUM | E41: PEDESTAL | F41: 537913 | G41: 509990 | H41: BOM | I41: UCINCA | J41: STAFF
A42: 36 | B42: APARELHO TENSIOMETRO | C42: 27/09/2021 | D42: PREMIUM | E42: PEDESTAL | F42: 539702 | G42: 509991 | H42: BOM | I42: SALA PRÉ PARTO CIRÚRGICO | J42: STAFF
A43: 37 | B43: APARELHO TENSIOMETRO | C43: 27/09/2021 | D43: PREMIUM | E43: PEDESTAL | F43: 539520 | G43: 509992 | H43: BOM | I43: POSTO DE ENFERMAGEM 01 | J43: STAFF
A44: 38 | B44: APARELHO TENSIOMETRO | C44: 27/09/2021 | D44: PREMIUM | E44: PEDESTAL | F44: 537636 | G44: 509993 | H44: BOM | I44: SALA DE MEDICAÇÃO | J44: STAFF
A45: 39 | B45: APARELHO TENSIOMETRO | C45: 27/09/2021 | D45: PREMIUM | E45: PEDESTAL | F45: 539627 | G45: 509994 | H45: BOM | I45: SALA DA MANUTENÇÃO | J45: STAFF
A46: 40 | B46: ASPIRADOR CIRURGICO | C46: 24/05/2018 | D46: PROTEC | E46: EVOLUTION | F46: 74418001037 | G46: 393424 | H46: BOM | I46: SALA DE CIRURGIA | J46: STAFF
A47: 41 | B47: ASPIRADOR CIRURGICO | C47: 24/05/2018 | D47: PROTEC | E47: EVOLUTION | F47: 74418001038 | G47: 393425 | H47: BOM | I47: UCINCO | J47: STAFF
A48: 42 | B48: ASPIRADOR CIRURGICO | C48: 24/05/2018 | D48: PROTEC | E48: EVOLUTION | F48: 82809001002 | G48: 444365 | H48: BOM | I48: SALA DE CIRURGIA | J48: STAFF
A49: 43 | B49: ASPIRADOR CIRURGICO | C49: 22/03/2021 | D49: SAM MEDIC | E49: HR 6005C | F49: P11811224/4 | G49: 489928 | H49: BOM | I49: SALA DA MANUTENÇÃO | J49: STAFF
A50: 44 | B50: AUTOCLAVE HORIZONTAL | C50: 21/07/2021 | D50: BS EQUIPAMENTOS | E50: 3.0 | F50: H3030250815F | G50: 502792 | H50: BOM | I50: LAVAGEM DE MAMADEIRAS | J50: STAFF
A51: 45 | B51: AUTOCLAVE HORIZONTAL | C51: 16/07/2021 | D51: BAUMER | E51: HI VAC II | F51: 2107144080 | G51: 501126 | H51: BOM | I51: CME | J51: STAFF
A52: 46 | B52: BALANCA DIGITAL | C52: 19/11/2021 | D52: BALMAX | E52: ELP-25BB | F52: 44450 | G52: 525127 | H52: BOM | I52: UCINCA | J52: STAFF
A53: 47 | B53: BALANCA DIGITAL | C53: 19/11/2021 | D53: BALMAX | E53: ELP-25BB | F53: 44452 | G53: 525128 | H53: BOM | I53: UCINCO | J53: STAFF
A54: 48 | B54: BALANCA DIGITAL | C54: 19/11/2021 | D54: BALMAX | E54: ELP-25BB | F54: 44455 | G54: 525129 | H54: BOM | I54: QUARTO P.P.P 02 | J54: STAFF
A55: 49 | B55: BALANCA DIGITAL | C55: 19/11/2021 | D55: BALMAX | E55: ELP-25BB | F55: 044456 | G55: 525130 | H55: BOM | I55: SALA DE CIRURGIA | J55: STAFF
A56: 50 | B56: BALANCA DIGITAL | C56: 19/11/2021 | D56: BALMAX | E56: ELP-25BB | F56: 44451 | G56: 525131 | H56: BOM | I56: QUARTO P.P.P 01 | J56: STAFF
A57: 51 | B57: BALANCA DIGITAL | C57: 21/07/2021 | D57: BALMAK | E57: ELP-25BB | F57: 42842 | G57: 502775 | H57: BOM | I57: SALA DA TRIAGEM | J57: STAFF
A58: 52 | B58: BALANCA DIGITAL | C58: 21/07/2021 | D58: BALMAK | E58: ELP-25BB | F58: 42843 | G58: 502778 | H58: BOM | I58: POSTO DE ENFERMAGEM 01 | J58: STAFF
A59: 53 | B59: BALANCA DIGITAL | C59: 21/07/2021 | D59: BALMAK | E59: ELP-25BB | F59: 42853 | G59: 502779 | H59: BOM | I59: UCINCO | J59: STAFF
A60: 54 | B60: APARELHO DE HEMODIALISE | C60: 45561 | D60: BRAUN | E60: SEM MODELO | F60: SEM SÉRIE | G60: 685089 | H60: BOM | I60: ALMOXARIFADO DA EMERGÊNCIA | J60: CRISTOVÃO
A61: 55 | B61: BALANCA ELETRONICA | C61: 21/12/2020 | D61: LIDER | E61: P-200C | F61: 79288 | G61: 483558 | H61: BOM | I61: SALA DE TRIAGEM | J61: STAFF
A62: 56 | B62: BALANCA ELETRONICA | C62: 21/12/2020 | D62: LIDER | E62: P-200C | F62: 79290 | G62: 483559 | H62: BOM | I62: SALA DA MANUTENÇÃO | J62: STAFF
A63: 57 | B63: BANHO MARIA SOROLOGICO | C63: 14/04/2021 | D63: SOLAB | E63: L-151 | F63: 21010003 | G63: 491689 | H63: BOM | I63: SALA DA MANUTENÇÃO | J63: STAFF
A64: 58 | B64: BANHO MARIA SOROLOGICO | C64: 14/04/2021 | D64: SOLAB | E64: L-151 | F64: 21010004 | G64: 491690 | H64: BOM | I64: LACTÁRIO | J64: STAFF
A65: 59 | B65: BANHO MARIA UNIVERSAL | C65: 25/07/2019 | D65: SOLAB | E65: SL-150 | F65: 19050063 | G65: 430052 | H65: BOM | I65: TRANS.PARA HOSPITAL REGIONAL | J65: STAFF
A66: 60 | B66: BANHO MARIA UNIVERSAL | C66: 22/09/2017 | D66: INSTRUMENTS | E66: BUNKER | F66: SEM SÉRIE | G66: 368793 | H66: BOM | I66: LABORATÓRIO | J66: STAFF
A67: 61 | B67: BERCO AQUECIDO | C67: 17/12/2021 | D67: GIGANTE | E67: NEOSOLUTION | F67: 212856 | G67: 529685 | H67: BOM | I67: UCINCO | J67: STAFF
A68: 62 | B68: BERCO AQUECIDO | C68: 17/12/2021 | D68: GIGANTE | E68: NEOSOLUTION | F68: 2128567 | G68: 529686 | H68: BOM | I68: UCINCO | J68: STAFF
A69: 63 | B69: BERCO AQUECIDO | C69: 17/12/2021 | D69: GIGANTE | E69: NEOSOLUTION | F69: 212858NEC | G69: 529687 | H69: BOM | I69: CENTRO CIRÚRGICO | J69: STAFF
A70: 64 | B70: BERCO AQUECIDO | C70: 17/12/2021 | D70: GIGANTE | E70: NEOSOLUTION | F70: 202240 | G70: 529696 | H70: BOM | I70: QUARTO P.P.P 01 | J70: STAFF
A71: 65 | B71: BERCO AQUECIDO | C71: 17/12/2021 | D71: GIGANTE | E71: NEOSOLUTION | F71: 202237 | G71: 529705 | H71: BOM | I71: QUARTO P.P.P 02 | J71: STAFF
A72: 66 | B72: BERCO AQUECIDO | C72: 17/12/2021 | D72: GIGANTE | E72: NEOSOLUTION | F72: 212849 | G72: 529706 | H72: BOM | I72: UCINCO | J72: STAFF
A73: 67 | B73: BERÇO AQUECIDO | C73: 16/03/2021 | D73: GIGANTE | E73: NEOSOLUTION | F73: 212848 | G73: 489737 | H73: BOM | I73: CENTRO CIRÚRGICO | J73: STAFF
A74: 68 | B74: BERÇO AQUECIDO | C74: 16/03/2021 | D74: GIGANTE | E74: NEOSOLUTION | F74: 212867 | G74: 489738 | H74: BOM | I74: CENTRO CIRÚRGICO | J74: STAFF
A75: 69 | B75: BIPAP SISTEMA DE SUPORTE VENTILATORIO | C75: 29/04/2020 | D75: PHILIPS | E75: YH-730 | F75: HCV98010048 | G75: 453632 | H75: BOM | I75: SALA DA MANUTENÇÃO | J75: STAFF
A76: 70 | B76: BOMBA DE INFUSAO | C76: 26/04/2021 | D76: MEDCAPTAIN | E76: MP-60 A | F76: 9138012104347 | G76: 492958 | H76: BOM | I76: SALA DA MANUTENÇÃO | J76: STAFF
A77: 71 | B77: BOMBA DE INFUSAO | C77: 26/04/2021 | D77: MEDCAPTAIN | E77: MP-60 A | F77: 9138012104522 | G77: 492959 | H77: BOM | I77: SALA DA MANUTENÇÃO | J77: STAFF
A78: 72 | B78: BOMBA DE INFUSAO | C78: 26/04/2021 | D78: MEDCAPTAIN | E78: MP-60 A | F78: 9138012103652 | G78: 493151 | H78: BOM | I78: SALA DA MANUTENÇÃO | J78: STAFF
A79: 73 | B79: BOMBA DE INFUSAO | C79: 26/04/2021 | D79: MEDCAPTAIN | E79: MP-60 A | F79: 9138012103593 | G79: 493152 | H79: BOM | I79: SALA DA MANUTENÇÃO | J79: STAFF
A80: 74 | B80: BOMBA DE INFUSAO | C80: 26/04/2021 | D80: MEDCAPTAIN | E80: MP-60 A | F80: 9138012103835 | G80: 493153 | H80: BOM | I80: SALA DA MANUTENÇÃO | J80: STAFF
A81: 75 | B81: BOMBA DE INFUSAO | C81: 26/04/2021 | D81: MEDCAPTAIN | E81: MP-60 A | F81: 9138012103178 | G81: 493154 | H81: BOM | I81: SALA DA MANUTENÇÃO | J81: STAFF
A82: 76 | B82: BOMBA DE INFUSAO | C82: 26/04/2021 | D82: MEDCAPTAIN | E82: MP-60 A | F82: 9138012103966 | G82: 493157 | H82: BOM | I82: SALA DA MANUTENÇÃO | J82: STAFF
A83: 77 | B83: BOMBA DE INFUSAO | C83: 26/04/2021 | D83: MEDCAPTAIN | E83: MP-60 A | F83: 9138012104350 | G83: 493158 | H83: BOM | I83: SALA DA MANUTENÇÃO | J83: STAFF
A84: 78 | B84: BOMBA DE INFUSAO | C84: 26/04/2021 | D84: MEDCAPTAIN | E84: MP-60 A | F84: 9138012103332 | G84: 493159 | H84: BOM | I84: SALA DA MANUTENÇÃO | J84: STAFF
A85: 79 | B85: BOMBA DE INFUSAO | C85: 26/04/2021 | D85: MEDCAPTAIN | E85: MP-60 A | F85: 9138012104350 | G85: 493160 | H85: BOM | I85: SALA DA MANUTENÇÃO | J85: STAFF
A86: 80 | B86: BOMBA DE INFUSAO | C86: 26/04/2021 | D86: MEDCAPTAIN | E86: MP-60 A | F86: 9138012104448 | G86: 493161 | H86: BOM | I86: SALA DA MANUTENÇÃO | J86: STAFF
A87: 81 | B87: BOMBA DE INFUSAO | C87: 26/04/2021 | D87: MEDCAPTAIN | E87: MP-60 A | F87: 9138012103185 | G87: 493162 | H87: BOM | I87: SALA DA MANUTENÇÃO | J87: STAFF
A88: 82 | B88: BOMBA DE INFUSAO | C88: 26/04/2021 | D88: MEDCAPTAIN | E88: MP-60 A | F88: 9138012104448 | G88: 493164 | H88: BOM | I88: SALA DA MANUTENÇÃO | J88: STAFF
A89: 83 | B89: BOMBA DE INFUSAO | C89: 26/04/2021 | D89: MEDCAPTAIN | E89: MP-60 A | F89: 9138012103357 | G89: 493169 | H89: BOM | I89: SALA DA MANUTENÇÃO | J89: STAFF
A90: 84 | B90: BOMBA DE INFUSAO | C90: 26/04/2021 | D90: MEDCAPTAIN | E90: MP-60 A | F90: 9138012104419 | G90: 493170 | H90: BOM | I90: SALA DA MANUTENÇÃO | J90: STAFF
A91: 85 | B91: BOMBA DE INFUSAO | C91: 26/04/2021 | D91: MEDCAPTAIN | E91: MP-60 A | F91: 9138012103667 | G91: 493172 | H91: BOM | I91: SALA DA MANUTENÇÃO | J91: STAFF
A92: 86 | B92: BOMBA DE INFUSAO | C92: 26/04/2021 | D92: MEDCAPTAIN | E92: MP-60 A | F92: 9138012103736 | G92: 493176 | H92: BOM | I92: SALA DA MANUTENÇÃO | J92: STAFF
A93: 87 | B93: BOMBA DE INFUSAO | C93: 26/04/2021 | D93: MEDCAPTAIN | E93: MP-60 A | F93: 9138012103667 | G93: 493177 | H93: BOM | I93: SALA DA MANUTENÇÃO | J93: STAFF
A94: 88 | B94: BOMBA DE INFUSAO | C94: 26/04/2021 | D94: MEDCAPTAIN | E94: MP-60 A | F94: 9138012103898 | G94: 493180 | H94: BOM | I94: SALA DA MANUTENÇÃO | J94: STAFF
A95: 89 | B95: CENTRIFUGA DE BANCADA | C95: 11/10/2017 | D95: FANEM EXCELSA | E95: SEM MODELO | F95: SEM SÉRIE | G95: 370616 | H95: BOM | I95: LABORATÓRIO | J95: STAFF
A96: 90 | B96: EQUIPAMENTO PARA TESTE DE EMISSÕES OTOACUSTICAS | C96: 24/11/2021 | D96: A- INTERCOUST | E96: VITASOSN | F96: 978647 | G96: 525903 | H96: BOM | I96: SALA DE USG | J96: STAFF
A97: 91 | B97: FOCO CIRURGICO | C97: 08/07/2020 | D97: INPROMED | E97: SL-300 | F97: 20420FA300SLCE029 | G97: 472602 | H97: BOM | I97: CENTRO CIRÚRGICO | J97: STAFF
A98: 92 | B98: FOCO CIRURGICO | C98: 08/07/2020 | D98: INPROMED | E98: SL-300 | F98: 20420FA300SLCE030 | G98: 472603 | H98: BOM | I98: QUARTO P.P.P 02 | J98: STAFF
A99: 93 | B99: FOCO CIRURGICO | C99: 08/07/2020 | D99: INPROMED | E99: SL-300 | F99: 02040FA300LCE031 | G99: 472604 | H99: BOM | I99: UCINCO | J99: STAFF
A100: 94 | B100: FOCO CIRURGICO | C100: 08/07/2020 | D100: INPROMED | E100: SL-300 | F100: 20420FA300SLCE032 | G100: 472605 | H100: BOM | I100: SALA DE CIRURGIA | J100: STAFF
A101: 95 | B101: FOCO CIRURGICO | C101: 08/07/2020 | D101: INPROMED | E101: SL-300 | F101: 20420FA300SLCE016 | G101: 472606 | H101: BOM | I101: QUARTO P.P.P 01 | J101: STAFF
A102: 96 | B102: FOCO CIRURGICO | C102: 23/06/2021 | D102: MEDLIGHT | E102: FT APOLLO 200 | F102: 1101216438 | G102: 477424 | H102: BOM | I102: SALA DE CIRURGIA | J102: STAFF
...

Sheet Infra-estrutura
B2: Secretaria da Saúde do Estado da Bahia | E2: UNIDADE: | F2: COMPLEXO
B3: Relatório de Informação Hospitalar | E3: ANO: | F3: 2026
E4: MÊS: | F4: SETEMBRO
A8: BLOCO H | B8: INFRA-ESTRUTURA E FINANCEIRO
A9: CAMPO | B9: DESCRIÇÃO / DETALHAMENTO DA SOLICITAÇÃO | C9: DATA DA SOLICITAÇÃO | D9: NÚMERO DO PROCESSO | E9: VALOR ESTIMADO | F9: CLASSIFICAÇÃO | G9: SITUAÇÃO ATUAL DO PROCESSO
A10: 1
A11: 2
A12: 3
A13: 4
A14: 5
A15: 6
A16: 7
A17: 8
A18: 9
A19: 10
A21: CAMPO | B21: DESCRIÇÃO DO EQUIPAMENTOS / ESPECIFICAÇÃO | C21: CÓDIGO SIMPAS | D21: DATA DA SOLICITAÇÃO | E21: NÚMERO DO PROCESSO | F21: QUANTIDADE | G21: VALOR ESTIMADO | H21: SITUAÇÃO ATUAL DO PROCESSO
A84: Nome
C87: E-mail:

Sheet RH
B2: Secretaria da Saúde do Estado da Bahia | G2: UNIDADE: | H2: COMPLEXO
B3: Relatório de Informação Hospitalar | G3: ANO: | H3: 2026
G4: MÊS: | H4: SETEMBRO
B8: BLOCO I | C8: PLANILHA DE INFORMAÇÕES - RECURSOS HUMANOS
A10: Campo | B10: Cargo / Função | C10: Carga Horária | D10: Quantidade | E10: Remuneração Máxima | F10: Remuneração Mínima | G10: Vínculo Contratual | H10: Jornada de Trabalho
A12: 1. Diretorias / Coordenações / Supervisões
A13: 1.1 | B13: GERENTE ASSISTENCIAL | C13: 44hs | D13: 1 | E13: 10404.17 | F13: 6228.33 | G13: CLT | H13: Mensalista
A14: 1.2 | B14: SUPERVISOR DE RECURSOS HUMANOS | C14: 44hs | D14: 1 | E14: 4367.82 | F14: 3131.41 | G14: CLT | H14: Mensalista
A15: 1.3 | B15: SUPERVISOR DE ALMOXARIFADO | C15: 44hs | D15: 1 | E15: 3464.8 | F15: 2862 | G15: CLT | H15: Mensalista
A16: 1.4 | B16: SUPERVISOR DE ENFERMAGEM | C16: 44hs | D16: 5 | E16: 7999.76 | F16: 4795.2 | G16: CLT | H16: Mensalista
A17: 1.5 | B17: SUPERVISOR DE T.I | C17: 44hs | D17: 1 | E17: 3990.78 | F17: 3090.96 | G17: CLT | H17: Mensalista
A18: 1.6 | B18: SUPERVISOR ADMINISTRATIVO | C18: 44hs | D18: 1 | E18: 2764.5 | F18: 2441.71 | G18: CLT | H18: Mensalista
A19: 1.7 | B19: SUPERVISOR DE LAVANDERIA | C19: 44hs | D19: 1 | E19: 3102.86 | F19: 2060.64 | G19: CLT | H19: Mensalista
A20: 2. Profissionais de Nível Superior
A21: 2.0 | B21: COORD. DE PRESTAÇÃO DE CONTAS | C21: 44hs | D21: 1 | E21: 4000 | F21: 2479.77 | G21: CLT | H21: Mensalista
A22: 2.2 | B22: COORD. ADMINISTRATIVO | C22: 44hs | D22: 1 | E22: 3900 | F22: 2559.14 | G22: CLT | H22: Mensalista
A23: 2.3 | B23: ASSISTENTE SOCIAL | C23: 30hs | D23: 6 | E23: 3331.5 | F23: 2851.12 | G23: CLT | H23: Mensalista
A24: 2.4 | B24: BIOMEDICO | C24: 44hs | D24: 2 | E24: 7126.68 | F24: 4729.32 | G24: CLT | H24: Mensalista
A25: 2.5 | B25: ENFERMEIRO | C25: 44hs | D25: 60 | E25: 4719.1 | F25: 3259.54 | G25: CLT | H25: Mensalista
A26: 2.6 | B26: ENFERMEIRO DA QUALIDADE | C26: 44hs | D26: 1 | E26: 4139 | F26: 3780 | G26: CLT | H26: Mensalista
A27: 2.7 | B27: ENFERMEIRO CCIH | C27: 44hs | D27: 2 | E27: 4139 | F27: 3596.4 | G27: CLT | H27: Mensalista
A28: 2.8 | B28: FARMACEUTICO | C28: 44hs | D28: 4 | E28: 8640 | F28: 2700 | G28: CLT | H28: Mensalista
A29: 2.9 | B29: FISIOTERAPEUTA | C29: 30hs | D29: 25 | E29: 3653.6 | F29: 2937.06 | G29: CLT | H29: Mensalista
A30: 3.0 | B30: FONOAUDIOLOGO | C30: 30hs | D30: 2 | E30: 3425.7 | F30: 2804.76 | G30: CLT | H30: Mensalista
A31: 3.1 | B31: NUTRICIONISTA | C31: 44hs | D31: 7 | E31: 3187.15 | F31: 2633.04 | G31: CLT | H31: Mensalista
A32: 3.2 | B32: PSICOLOGO | C32: 44hs | D32: 2 | E32: 2931.69 | F32: 2757.24 | G32: CLT | H32: Mensalista
A33: 3. Profissionais de Nível Médio/Técnico
A34: 3.0 | B34: AGENTE DE PORTARIA | C34: 44hs | D34: 13 | E34: 2245.2 | F34: 1680.43 | G34: CLT | H34: Mensalista
A35: 3.1 | B35: AUXILIAR DE SERVIÇOS GERAIS | C35: 44hs | D35: 46 | E35: 2545.2 | F35: 1680.43 | G35: CLT | H35: Mensalista
A36: 3.2 | B36: ASSISTENTE ADMINISTRATIVO | C36: 44hs | D36: 1 | E36: 2245.2 | F36: 1620 | G36: CLT | H36: Mensalista
A37: 3.3 | B37: AUXILIAR ADMINISTRATIVO | C37: 44hs | D37: 26 | E37: 2373.8 | F37: 1499.43 | G37: CLT | H37: Mensalista
A38: 3.4 | B38: AUXILIAR DE FARMÁCIA | C38: 44hs | D38: 16 | E38: 2255.65 | F38: 1499.43 | G38: CLT | H38: Mensalista
A39: 3.5 | B39: AUXILIAR DE RECURSOS HUMANOS | C39: 44hs | D39: 1 | E39: 2198.88 | F39: 1684.3 | G39: CLT | H39: Mensalista
A40: 3.6 | B40: AUXILIAR DE REGULAÇÃO | C40: 44hs | D40: 5 | E40: 2176.09 | F40: 1717.2 | G40: CLT | H40: Mensalista
A41: 3.7 | B41: AUXILIAR TÉCNICO DE MANUTENÇÃO | C41: 44hs | D41: 5 | E41: 2649.26 | F41: 1717.2 | G41: CLT | H41: Mensalista
A42: 3.8 | B42: COPEIRA | C42: 44hs | D42: 13 | E42: 2207.81 | F42: 1499.43 | G42: CLT | H42: Mensalista
A43: 3.9 | B43: AUXILIAR DE SUPRIMENTOS | C43: 44hs | D43: 4 | E43: 1945.2 | F43: 1499.43 | G43: CLT | H43: Mensalista
A44: 3.10 | B44: ENCARREGADO DE MANUTENCAO | C44: 44hs | D44: 1 | E44: 5607.94 | F44: 3205.44 | G44: CLT | H44: Mensalista
A45: 3.11 | B45: INSTRUMENTADOR CIRURGICO | C45: 44hs | D45: 2 | E45: 2131.76 | F45: 1602.72 | G45: CLT | H45: Mensalista
... A53: 3.20 | B53: AUXILIAR DE ROUPARIA | C53: 44hs | D53: 10 | E53: 2275.31 | F53: 1499.43 | G53: CLT | H53: Mensalista
D54: =SUM(D13:D19,D21:D32,D34:D52,D53) -> 512
A56: Campo | B56: Cargo / Função | C56: Carga Horária | D56: Quantidade | E56: Remuneração Máxima | F56: Remuneração Mínima | G56: Vínculo Contratual | H56: Jornada de Trabalho
A58: 5. Profissionais Médicos
A59: 1.69 | B59: Anestesiologista | C59: 24hs | D59: 5 | E59: 4600 | F59: 4400 | G59: PJ | H59: Plantonista
A60: 1.70 | B60: Anestesiologista | C60: 80hs | D60: 1 | E60: 12000 | F60: 7000 | G60: PJ | H60: Mensalista
A61: 1.71 | B61: Anestesiologista | G61: -- | H61: --
A62: 1.72 | B62: Anestesiologista | G62: -- | H62: --
A63: 1.73 | B63: Angiologista | C63: 12hs | D63: 1 | E63: 13000 | F63: 100 | G63: PJ | H63: Mensalista
A64: 1.74 | B64: Auditor Médico | C64: 6hs | D64: 1 | E64: 10000 | G64: PJ | H64: Mensalista
A65: 1.75 | B65: Cabeça e Pescoço | G65: -- | H65: --
A66: 1.76 | B66: Cardiologista | C66: 30hs | D66: 1 | E66: 4600 | F66: 100 | G66: PJ | H66: Mensalista
A67: 1.77 | B67: Cardiologista Ambulatório | G67: -- | H67: --
A68: 1.78 | B68: Cardiopediatra | G68: -- | H68: --
A69: 1.79 | B69: Cirurgião Geral | C69: 24hs | D69: 3 | E69: 4200 | F69: 3500 | G69: PJ | H69: Plantonista
A70: 1.80 | B70: Cirurgião Geral | C70: 80hs | D70: 1 | E70: 14000 | G70: PJ | H70: Mensalista
A71: 1.81 | B71: Cirurgião Geral | G71: -- | H71: --
A72: 1.82 | B72: Cirurgião Pediatra | G72: -- | H72: --
A73: 1.83 | B73: Cirurgião Plástico - Centro Cirúrgico | G73: -- | H73: --
A74: 1.84 | B74: Cirurgião Plástico - Enfermaria | G74: -- | H74: --
A75: 1.85 | B75: Cirurgião Vascular | G75: -- | H75: --
A76: 1.86 | B76: Clínico Geral | C76: 24hs | D76: 16 | E76: 2600 | F76: 2500 | G76: PJ | H76: Plantonista
A77: 1.87 | B77: Clínico Geral | C77: 10hs | D77: 4 | E77: 1400 | F77: 700 | G77: PJ | H77: Diarista
A78: 1.88 | B78: Coloproctologista | G78: -- | H78: --
A79: 1.89 | B79: Endocrinologista | G79: -- | H79: --
A80: 1.90 | B80: Endoscopista | C80: 20hs | D80: 2 | E80: 6000 | F80: 4500 | G80: PJ | H80: Mensalista
A81: 1.91 | B81: Evolucionista FDS e Feriado | G81: -- | H81: --
A82: 1.91 | B82: Evolucionista Semana | G82: -- | H82: --
A83: 1.92 | B83: Gastroenterologista | C83: 20hs | D83: 1 | E83: 3000 | F83: 300 | G83: PJ | H83: Sobreaviso
A84: 1.93 | B84: Ginecologista | G84: -- | H84: --
A85: 1.94 | B85: Hematologista | G85: -- | H85: --
A86: 1.95 | B86: Infectologista | C86: 15hs | D86: 2 | E86: 7500 | G86: PJ | H86: Mensalista
A87: 1.96 | B87: Intensivista | C87: 24hs | D87: 5 | E87: 2900 | F87: 3000 | G87: PJ | H87: Plantonista
A88: 1.97 | B88: Intensivista | C88: 80hs | D88: 1 | E88: 12000 | G88: PJ | H88: Mensalista
A89: 1.98 | B89: Médico do Trabalho | C89: 12hs | E89: 4000 | G89: PJ | H89: Mensalista
A90: 1.99 | B90: Nefrologista | C90: 15hs | D90: 1 | E90: 6000 | G90: PJ | H90: Mensalista
A91: 2.0 | B91: Neonatologista | C91: 24hs | D91: 12 | E91: 4550 | F91: 4350 | G91: PJ | H91: Plantonista
A92: 2.1 | B92: Neurologista | C92: 15hs | D92: 2 | E92: 5000 | F92: 2000 | G92: PJ | H92: Mensalista
A93: 2.2 | B93: Obstetra | C93: 24hs | D93: 9 | E93: 4500 | F93: 3950 | G93: PJ | H93: Plantonista
A94: 2.3 | B94: Oncologista Cirúrgico | G94: -- | H94: --
A95: 2.4 | B95: Oncologista Clínico - Ambulatório | G95: -- | H95: --
A96: 2.5 | B96: Oncologista Clínico - Quimioterapia | G96: -- | H96: --
A97: 2.6 | B97: Ortopedista | C97: 24hs | D97: 7 | E97: 3500 | F97: 3700 | G97: PJ | H97: Plantonista
A98: 2.7 | B98: Otorrino | G98: -- | H98: --
A99: 2.8 | B99: Pediatra | C99: 12hs | D99: 1 | E99: 3000 | G99: PJ | H99: Mensalista
A100: 2.9 | B100: Pneumologista | G100: -- | H100: --
A101: 2.10 | B101: Psiquiatria | G101: -- | H101: --
A102: 2.11 | B102: Radiologista | C102: 15hs | D102: 1 | E102: 5000 | G102: PJ | H102: Mensalista
A103: 2.12 | B103: Toco-Ginecologista | G103: -- | H103: --
A104: 2.13 | B104: Ultrassonografista | C104: 12hs | D104: 2 | E104: 10000 | F104: 90 | G104: PJ | H104: Mensalista
A105: 2.14 | B105: Urologista | C105: 12hs | D105: 1 | E105: 150 | G105: PJ | H105: Mensalista
A107: TOTAL GERAL DE MÉDICOS | D107: =SUM(D59:D105) -> 80
A108: Total de médicos que trabalham em mais de um grupo | D108: 0
A109: TOTAL REAL DE MÉDICOS CONTRATADOS | D109: =D107-D108 -> 80
A111: TOTAL GERAL RECURSOS HUMANOS | D111: =SUM(D109,D54) -> 592
C113: Responsável pelo Preenchimento
B115: Nome: | C115: TAMIRES CAVALCANTE DA SILVA
B116: Cargo: | C116: SUPERVISORA DE RH
B117: Telefone: | C117: 75 3331-9438
B118: E-mail: | C118: rh.hrcfabamed@gmail.com

Sheet Atividade I
E2: UNIDADE: | F2: COMPLEXO
C3: Secretaria da Saúde do Estado da Bahia | E3: ANO: | F3: 2026
C4: Relatório de Informação Hospitalar | E4: MÊS: | F4: SETEMBRO
A10: BLOCO J | B10: ÁREA DE INTERNAÇÃO
A11: Campo | B11: Unidades | C11: Unidade de Internação | D11: Altas | E11: Transferências Externas | F11: Transferências Internas | G11: Evasão | H11: Óbitos < 24 h | I11: Óbitos > 24 h | J11: SAÍDAS POR CLÍNICA
A13: 1 | C13: Clinica Médica Geral | D13: 237 | E13: 17 | F13: 9 | G13: 2 | H13: 0 | I13: 4 | J13: =SUM(D13:E13,G13:I13) -> 260
A14: 2 | C14: Saúde Mental | D14: 4 | E14: 0 | F14: 0 | G14: 0 | H14: 0 | I14: 0 | J14: =SUM(D14:E14,G14:I14) -> 4
A15: 3 | C15: Clínica Cirúrgica | D15: 340 | E15: 16 | F15: 4 | G15: 3 | H15: 0 | I15: 0 | J15: =SUM(D15:E15,G15:I15) -> 359
A16: 4 | C16: Clínica Pediátrica | D16: 51 | E16: 18 | F16: 0 | G16: 1 | H16: 0 | I16: 0 | J16: =SUM(D16:E16,G16:I16) -> 70
A17: 5 | C17: UTI Adulto | D17: 0 | E17: 2 | F17: 26 | G17: 0 | H17: 3 | I17: 5 | J17: =SUM(D17:E17,G17:I17) -> 10
A18: 6 | C18: Obstetrícia Clinica | D18: 73 | E18: 0 | F18: 0 | G18: 0 | H18: 0 | I18: 0 | J18: =SUM(D18:E18,G18:I18) -> 73
A19: 7 | C19: Obstetrícia Cirúrgica | D19: 112 | E19: 0 | F19: 0 | G19: 0 | H19: 0 | I19: 0 | J19: =SUM(D19:E19,G19:I19) -> 112
A20: 8 | C20: Gestação de Alto Risco | D20: 22 | E20: 0 | F20: 0 | G20: 0 | H20: 0 | I20: 0 | J20: =SUM(D20:E20,G20:I20) -> 22
A21: 9 | C21: UCIN Convencional (UCINCO) | D21: 9 | E21: 5 | F21: 11 | G21: 0 | H21: 1 | I21: 3 | J21: =SUM(D21:E21,G21:I21) -> 18
A22: 10 | C22: UCIN Canguru (UCINCA) | D22: 19 | E22: 0 | F22: 3 | G22: 0 | H22: 0 | I22: 0 | J22: =SUM(D22:E22,G22:I22) -> 19
A23: TOTAL GLOBAL | D23: =SUM(D13:D22) -> 867 | E23: =SUM(E13:E22) -> 58 | F23: =SUM(F13:F22) -> 53 | G23: =SUM(G13:G22) -> 6 | H23: =SUM(H13:H22) -> 4 | I23: =SUM(I13:I22) -> 12
C25: TOTAIS - HOSPITAL REGIONAL DA CHAPADA | D25: =SUM(D13:D17) -> 632 | E25: =SUM(E13:E17) -> 53 | F25: =SUM(F13:F17) -> 39 | G25: =SUM(G13:G17) -> 6 | H25: =SUM(H13:H17) -> 3 | I25: =SUM(I13:I17) -> 9
C27: TOTAIS MATERNIDADE FREI JUSTO VENTURE | D27: =SUM(D18:D22) -> 235 | E27: =SUM(E18:E22) -> 5 | F27: =SUM(F18:F22) -> 14 | G27: =SUM(G18:G22) -> 0 | H27: =SUM(H18:H22) -> 1 | I27: =SUM(I18:I22) -> 3
B30: TOTAL DE SAÍDAS (Altas+Óbitos+Transf.Externas+Evasão) HRC | D30: =SUM(D25,E25,G25,H25,I25) -> 703
B33: TOTAL DE SAÍDAS (Altas+Óbitos+Transf.Externas+Evasão) MFJV | D33: =SUM(D27,E27,G27,H27,I27) -> 244
B36: TOTAL DE SAÍDAS (Altas+Óbitos+Transf.Externas+Evasão) GLOBAL | D36: =SUM(D30,D33) -> 947
A39: Campo | B39: Unidades | C39: Unidade de Internação | D39: Nº de leitos CONTRATADOS | E39: Nº de pacientes/dia | F39: Nº de leitos dia no mês | G39: Infec. Hospitalar | H39: Nº de leitos ATIVOS | I39: Motivo Inativação do Leito
A41: 11 | B41: HRC | C41: Clinica Médica Geral + Saúde Mental | D41: 34 | E41: 1358 | F41: =D41*$D$56 -> 1020
A42: 13 | C42: Clínica Cirurgica | D42: 40 | E42: 708 | F42: =D42*$D$56 -> 1200 | G42: 1
A43: 14 | C43: Clínica Pediátrica | D43: 12 | E43: 125 | F43: =D43*$D$56 -> 360
A44: 15 | C44: UTI Adulto | D44: 10 | E44: 225 | F44: =D44*D56 -> 300 | G44: 2
A45: 16 | B45: MFJV | C45: Obstetrícia Clinica | D45: 10 | E45: 144 | F45: =D45*$D$56 -> 300
A46: 17 | C46: Obstetrícia Cirúrgica | D46: 6 | E46: 307 | F46: =D46*$D$56 -> 180 | G46: 2
A47: 18 | C47: Gestação de Alto Risco | D47: 4 | E47: 61 | F47: =D47*$D$56 -> 120
A48: 19 | C48: UCIN Convencional (UCINCO) | D48: 10 | E48: 191 | F48: =D48*$D$56 -> 300
A49: 20 | C49: UCIN Canguru (UCINCA) | D49: 5 | E49: 193 | F49: =D49*$D$56 -> 150
A50: TOTAIS GLOBAL | D50: =SUM(D41:D49) -> 131 | E50: =SUM(E41:E49) -> 3312 | F50: =SUM(F41:F49) -> 3930 | G50: =SUM(G41:G49) -> 5 | H50: =SUM(H41:H49) -> 0
C52: TOTAIS - HOSPITAL REGIONAL DA CHAPADA | D52: =SUM(D41:D44) -> 96 | E52: =SUM(E41:E44) -> 2416 | F52: =SUM(F41:F44) -> 2880 | G52: =SUM(G41:G44) -> 3 | H52: =SUM(H41:H44) -> 0
C53: TOTAIS MATERNIDADE FREI JUSTO VENTURE | D53: =SUM(D45:D49) -> 35 | E53: =SUM(E45:E49) -> 896 | F53: =SUM(F45:F49) -> 1050 | G53: =SUM(G45:G49) -> 2 | H53: =SUM(H45:H49) -> 0
C56: Nº de dias do mês GLOBAL | D56: 30
E60: BLOCO L | F60: ESTRUTURA DE ATENDIMENTOS COMPLEMENTAR
E61: Campo | F61: Item | G61: Qtde. Salas | H61: Desativadas | I61: Motivo Desativação
E62: 1 | F62: Salas Cirúrgicas | G62: 4
E63: 2 | F63: Salas Cirurgia Amb. | G63: 0
E64: 3 | F64: Consultórios Amb. | G64: 9
E65: 4 | F65: Salas de Parto | G65: 4
A70: BLOCO M | B70: ATIVIDADE CIRÚRGICA
A71: Campo | B71: Unidades | C71: Unidade de Internação | D71: Frequência
A73: 1 | B73: Quantidade | C73: Cirurgias de Urgência | D73: 425
A74: TOTAL | D74: =SUM(D73) -> 425
A79: BLOCO O | B79: ATIVIDADE OBSTÉTRICA | F79: BLOCO N1 - MORTALIDADE INTRA-HOSPITALAR NEONATAL
A80: Campo | B80: Unidades | C80: Unidade de Internação | D80: Frequência | F80: Peso | G80: Nasc. Vivos | H80: Nasc. Mortos | I80: Óbitos 0 - 6 dias | J80: Óbitos 7 - 28 | K80: Óbitos 29 dias e +
A82: 1 | B82: Quantidade | C82: Curetagem | D82: 23 | F82: < 1000 g | G82: 0 | H82: 0 | I82: 0 | J82: 0 | K82: 0
A83: 2 | C83: Parto Normal (vaginal) | D83: 62 | F83: 1001g - 1500 g | G83: 2 | H83: 0 | I83: 0 | J83: 0 | K83: 0
A84: 3 | C84: Cesáreas | D84: 101 | F84: 1501 g -2500 g | G84: 11 | H84: 0 | I84: 0 | J84: 2 | K84: 0
A85: TOTAL DE ATIVIDADES | D85: =D82+D83+D84 -> 186 | F85: > 2500 g | G85: 151 | H85: 1 | I85: 1 | J85: 1 | K85: 0
A86: TAXA DE CESÁREAS | D86: =IF(D85=0,0,(D84)/(D85-D82)) -> 0.6196319 | F86: TOTAL | G86: =G85+G84+G83+G82 -> 164 | H86: =H85+H84+H83+H82 -> 1 | I86: =I85+I84+I83+I82 -> 1 | J86: =J85+J84+J83+J82 -> 3 | K86: =K85+K84+K83+K82 -> 0
A88: BLOCO P | B88: DETALHAMENTO OBSTÉTRICA CIRÚRGICA
A89: Campo | B89: Unidades | C89: Procedimento | D89: Frequência
A91: 1 | B91: Quantidade | C91: 04.11.01 - Cirurgia Obstétrica- Parto | D91: 163
A92: 2 | C92: 04.11.02 - Outras Cirurgias relacionadas ao Estado Gestacional | D92: 13
A93: TOTAL DE ATIVIDADES | D93: =SUM(D91:D92) -> 176
A95: BLOCO Q | B95: DETALHAMENTO GESTAÇÃO DE ALTO RISCO
A96: Campo | B96: Unidades | C96: Procedimento | D96: Frequência
A98: 1 | B98: Quantidade | C98: 03.10.01.004-7 - Parto Normal em Gestação de Alto Risco | D98: 2
A99: 2 | C99: 04.11.01002-6 - Parto Cesariano em Gestação de Alto Risco | D99: 17
A100: TOTAL DE ATIVIDADES | D100: =SUM(D98:D99) -> 19 | F100: Taxa Mortaliade Neonatal | G100: =IF(G86=0,0,(I86+J86)/(G86)) -> 0.024390244
A106: BLOCO R | B106: ATIVIDADE AMBULATORIAL / URGÊNCIA
A107: Campo | B107: Unidades | C107: Tipo de atendimento | D107: Frequência | F107: Taxa de Mortalidade Materna | G107: 0
A109: 1 | B109: Quantidade | C109: 03.01.01.004-8 – Consulta de Profissionais de Nível Superior na Atenção Especializada (exceto médico) | D109: 4070
A110: 2 | C110: 03.01.01.007-2 – Consulta Médica na Atenção Especializada | D110: 1960
A111: 3 | C111: 03.01.06.006-1 – Atendimento de Urgência na Atenção Especializada | D111: 2413
A112: 4 | C112: 03.01.06.002-9 – Atendimento de Urgência com Observação 24Horas | D112: 420
A113: 5 | C113: 03.01.06.010-0 – Atendimento Ortopedico com Imobilização Provisoria | D113: 116
A114: TOTAL | D114: =SUM(D109:D113) -> 8979
A116: BLOCO S | B116: ATIVIDADE CIRÚRGICA AMBULATORIAL
A117: Campo | B117: Unidades | C117: Tipo de atendimento | D117: Frequência
A119: 1 | B119: Quantidade | C119: 04.01 - Pequenas cirurgias e cirurgias de pele, tecido subcutâneo e mucosa | D119: 399
A120: 2 | C120: 04.03 - Cirurgias do sistema nervoso central e periférico | D120: 0
A121: 3 | C121: 04.04 - Cirurgia das vias aéreas superiores, da face, da cabeça e do pescoço | D121: 0
A122: 4 | C122: 04.05 - Cirurgia do aparelho circulatório | D122: 0
A123: 5 | C123: 04.07 - Cirurgia do aparelho digestivo, órgãos anexos e parede abdominal | D123: 124
A124: 6 | C124: 04.08 - Cirurgia do sistema osteomuscular | D124: 109
A125: 7 | C125: 04.09 - Cirurgia do sistema genito-urinário | D125: 85
A126: 8 | C126: 04.12 - Cirurgia torácica | D126: 18
A127: 9 | C127: 04.15 - Outras cirurgias | D127: 23
A128: TOTAL | D128: =SUM(D119:D127) -> 758
A131: BLOCO T | B131: PRESSÃO DE URGÊNCIA | F131: BLOCO P1 - ÓBITOS DE PACIENTES ATENDIDOS NO PRONTO-SOCORRO
A132: Campo | B132: Unidades | C132: Tipo de atendimento | D132: Frequência | F132: Pacientes | G132: < 24 horas | H132: > 24 horas | I132: Total | J132: Taxa Mort. Geral | K132: Taxa Mortalidade Instucional
A134: 1 | B134: Quantidade | C134: N° de pacientes atendidos | D134: 2389 | F134: Quantidade | G134: 3 | H134: 0 | I134: =G134+H134 -> 3 | J134: =IF(D134=0,0,(G134+H134)/D134) -> 0.0012557555 | K134: =IF(D134=0,0,H134/D134) -> 0
A135: 2 | C135: Nº de pacientes encaminhados para internação | D135: 674
A136: PRESSÃO DE URGÊNCIA | D136: =IF(D134=0,0,D135/D134) -> 0.28212641
A138: BLOCO U | B138: ATIVIDADE DE APOIO DIAGNÓSTICO
A139: Campo | B139: Unidades | C139: Tipo de EXAME | D139: Internação | E139: Ambulatório | F139: Pronto-Socorro | H139: QUANTIFICAÇÃO DE OUTROS = AMBULATÓRIO + PRONTO SOCORRO
A141: EXAMES | H141: AMBULATÓRIO | J141: PRONTO-SOCORRO
A142: 1 | B142: Quantidade | C142: SUB-GRUPO: 02.02-DIAGNÓSTICO EM LABORATÓRIO CLÍNICO | D142: 4918 | E142: 567 | F142: 5881
A143: 2 | C143: SUB-GRUPO: 02.04-DIAGNÓSTICO POR RADIOLOGIA | D143: 383 | E143: 293 | F143: 894
A144: 3 | C144: SUB-GRUPO: 02.05-DIAGNÓSTICO POR ULTRASSONOGRAFIA | D144: 1 | E144: 387 | F144: 46
A145: 4 | C145: SUB-GRUPO: 02.06-DIAGNÓSTICO POR TOMOGRAFIA | D145: 133 | E145: 52 | F145: 297
A146: 5 | C146: SUB-GRUPO: 02.09 - DIAGNÓSTICO POR ENDOSCOPIA DIGESTIVA | D146: 2 | E146: 64 | F146: 2
A147: 6 | C147: SUB-GRUPO: 02.11 - MÉTODOS DIAGNÓSTICOS EM ESPECIALIDADE (ECG) | D147: 2 | E147: 30 | F147: 167
A148: TOTAL | D148: =SUM(D142:D147) -> 5439 | E148: =SUM(E142:E147) -> 1393 | F148: =SUM(F142:F147) -> 7287 | IV148: =SUM(D148:IU148) -> 14119
A152: BLOCO V | B152: INDICADORES SELECIONADOS
A153: UNIDADE DE INTERNAÇÃO | C153: TAXA DE OCUPAÇÃO | D153: MÉDIA DE PERMANÊNCIA (em dias) | E153: ÍNDICE DE ROTATIVIDADE SAÍDAS/LEITO | F153: TAXA DE MORTALIDADE | H153: TAXA DE INFECÇÃO HOSPITALAR | J153: QUANTIFICAÇÃO DE OUTROS
F154: GERAL | G154: INSTIT. | J154: INTERNAÇÃO
...

Sheet Atividade II 
C2: Secretaria da Saúde do Estado da Bahia | D2: UNIDADE: | E2: COMPLEXO
C3: Relatório de Informação Hospitalar | D3: ANO: | E3: 2026
D4: MÊS: | E4: SETEMBRO
B9: BLOCO S - GESTÃO DA CLÍNICA
B11: Campo | C11: Item | D11: Total
B12: 1 | C12: Total de protocolos implantados para as patologias mais prevalentes em gestação de alto risco | D12: 0
B13: 2 | C13: Total de participantes treinados nos protocolos elaborados | D13: 0
B14: 3 | C14: Total de treinamentos realizados | D14: 5
B16: 4 | C16: Total de atividades educativas na sala de espera do ambulatório da Maternidade | D16: 139
B17: 5 | C17: Percentual de atividades educativas | D17: =D16/D13 -> #DIV/0!
B19: BLOCO T - INSERÇÃO NO SISTEMA DE SAÚDE
B21: Campo | C21: Item | D21: Total
B22: 1 | C22: Total de unidades de atenção básica no município do hospital | D22: 12
B23: 2 | C23: Total de visitas institucionais | D23: 3
B24: 3 | C24: Percentual de unidades visitadas | D24: =D23/D22 -> 0.25
B26: 4 | C26: Total de gestantes no município (conforme mapa de vinculação) | D26: 353
B27: 5 | C27: Número de gestantes que visitaram a unidade antes do parto | D27: 8
B28: 6 | C28: Percentual de visitas realizadas | D28: 0
B30: BLOCO U - GESTÃO DE PESSOAS
B32: Campo | C32: Item | D32: Total
B33: 1 | C33: Número de reuniões de educação permanente | D33: 8
B38: BLOCO V INDICADORES REDE CEGONHA
B40: Campo | C40: Item | D40: Total
B41: 1 | C41: Total de partos normais | D41: 60
B42: 2 | C42: Total de Parturientes com partograma preenchido | D42: 54
B43: 3 | C43: Percentual de parturientes com partograma preenchido | D43: =D42/D41 -> 0.9
B44: OBS: | C44: Excluir mulheres que internaram no período expulsivo e pacientes com parto ocorridos antes da entrada no serviço.
B46: 4 | C46: Total de Partos Normais e Cesárias | D46: 163
B47: 5 | C47: Total de Cesárias em Primiparas | D47: 0
B48: 6 | C48: Percentual de partos Cesários em Pirimparas | D48: =D47/D46 -> 0
B50: 7 | C50: Total de partos normais de risco habitual | D50: 60
B51: 8 | C51: Parto Normal Assistido por Enfermeiro(a) Obstétrica | D51: 41
B52: 9 | C52: Percentual de partos normais de risco habitual assistido por Enfermeira Obst. | D52: =D51/D50 -> 0.68333333
B54: 10 | C54: Total de partos normais | D54: 62
B55: 11 | C55: Total de episiotomia | D55: 0
B56: 12 | C56: Percentual de episiotomia | D56: =D55/D54 -> 0
B58: 13 | C58: Total de recém-nascidos vivos elegíveis para Testagem | D58: 160
B59: 14 | C59: Total de recém-nascidos triados OLHINHO | D59: 160
B60: 15 | C60: Percentual de Triagem Neonatal - Teste do OLHINHO | D60: =D59/D58 -> 1
B62: 16 | C62: Total de recém-nascidos vivos elegíveis para Testagem | D62: 160
B63: 17 | C63: Total de recém-nascidos triados CORAÇÃOZINHO | D63: 160
B64: 18 | C64: Percentual de Triagem Neonatal - Teste do CORAÇÃOZINHO | D64: =D63/D62 -> 1
B66: 19 | C66: Total de recém-nascidos vivos elegíveis para Testagem | D66: 141
B67: 20 | C67: Total de recém-nascidos triados LINGUINHA | D67: 141
B68: 21 | C68: Percentual de Triagem Neonatal - Teste do LINGUINHA | D68: =D67/D66 -> 1
B70: 22 | C70: Total de recém-nascidos vivos elegíveis para Testagem | D70: 141
B71: 23 | C71: Total de recém-nascidos triados ORELHINHA | D71: 141
B72: 24 | C72: Percentual de Triagem Neonatal - Teste do ORELHINHA | D72: =D71/D70 -> 1
C79: Responsável pelo preenchimento
A81: Nome: | C81: Giselle de Oliveira Santos
B82: Cargo: | C82: Gerente Assistencial
B83: Telefone: | C83: (75) 99975-6044
B84: E-mail: | C84: gerencia.hrcfabamed@gmail.com / coord.adm.hrc@fabamed.org.br

Sheet AIH-SIA
C2: UNIDADE: | D2: Complexo da Chapada
B3: Secretaria da Saúde do Estado da Bahia | C3: ANO: | D3: 2026
B4: Relatório de Informação Hospitalar | C4: MÊS: | D4: SETEMBRO
A9: BLOCO A1 | B9: PRODUÇÃO AMBULATORIAL FÍSICO-FINANCEIRO - INFORMAÇÕES SIA/SUS
A11: CAMPO | B11: PROCEDIMENTOS AMBULATORIAIS | C11: FÍSICO | D11: FINANCEIRO
A12: 2 | B12: GRUPO: 02-PROCEDIMENTOS COM FINALIDADE DIAGNOSTICA
A13: 2.1 | B13: SUB-GRUPO: 02-DIAGNÓSTICO EM LABORATÓRIO CLÍNICO | C13: 6448 | D13: 17520.09
A14: 2.2 | B14: SUB-GRUPO: 04-DIAGNÓSTICO POR RADIOLOGIA | C14: 1187 | D14: 8358.6
A15: 2.3 | B15: SUB-GRUPO: 05-DIAGNÓSTICO POR ULTRASSONOGRAFIA | C15: 433 | D15: 11743.2
A16: 2.4 | B16: SUB-GRUPO: 06-DIAGNÓSTICO POR TOMOGRAFIA | C16: 349 | D16: 63808.61
B17: SUB-GRUPO: 09 - DIAGNÓSTICO POR ENDOSCOPIA DIGESTIVA | C17: 66 | D17: 3178.56
A18: 2.5 | B18: SUB-GRUPO: 11 - MÉTODOS DIAGNÓSTICOS EM ESPECIALIDADE (ECG) | C18: 197 | D18: 1014.55
A19: 2.8 | B19: TOTAL DO GRUPO 02 | C19: =SUM(C13:C18) -> 8680 | D19: =SUM(D13:D18) -> 105623.61
A21: 3 | B21: GRUPO: 03-PROCEDIMENTOS CLINICOS - AMBULATÓRIO
A22: 3.1 | B22: 03.01.01.007-2 – Consulta Médica na Atenção Especializada | C22: 1960 | D22: 19590
A23: 3.2 | B23: 03.01.06.006-1 – Atendimento de Urgência na Atenção Especializada – Médico | C23: 2413 | D23: 26543
A24: 3.3 | B24: 03.01.06.002-9 – Atendimento de Urgência com Observação até 24 Horas | C24: 420 | D24: 5249
B25: 03.01.06.010-0 - Atendimento Ortopédico com Imobilização Provisória | C25: 116 | D25: 1508
A26: 3.4 | B26: TOTAL DO GRUPO 03
A29: 4 | B29: GRUPO: 04-PROCEDIMENTOS CIRÚRGICO - AMBULATORIO
B30: 04.01 - Pequenas cirurgias e cirurgias de pele, tecido subcutâneo e mucosa | C30: 399 | D30: 10238.5
B31: 04.03 - Cirurgia do sistema nervoso central e periférico
B32: 04.04 - Cirurgia das vias aéreas superiores, da face da cabeça e do pescoço
B33: 04.05 - Cirurgia do aparelho circulatório
B34: 04.07 - Ciruriga do aparelho digestivo, orgãos anexo e parede abdominal
B35: 04.08 - Cirurgia do sistema osteomuscular
B36: 04.09 - Cirurgia do sistema genito-urinário
B37: 04.12 - Cirurgia torácica
B38: 04.15 - Outras cirurgias
A39: 4.2 | B39: TOTAL DO GRUPO 04 | C39: =SUM(C30:C38) -> 399 | D39: =SUM(D30:D38) -> 10238.5
A41: TOTAL GERAL | C41: =SUM(C39,C26,C19) -> 9079 | D41: =SUM(D39,D26,D19) -> 115862.11
A44: BLOCO B1 | B44: PRODUÇÃO INTERNAÇÃO (AIH) FÍSICO-FINANCEIRO
A46: CAMPO | B46: Unidade de Internação | C46: Físico | D46: Financeiro
A47: 1 | B47: Clinica Médica Geral | C47: 274 | D47: 204068.04
B48: Saúde Mental | C48: 4 | D48: 8991.48
B49: Clínica Cirurgica | C49: =SUM(C50:C56) -> 359 | D49: =SUM(D50:D56) -> 208670.33
B50: 04.03 - Cirurgia do sistema nervoso central e periférico
B51: 04.06 - Cirurgia do sistema circulatório
B52: 04.07 - Ciruriga do aparelho digestivo, orgãos anexo e parede abdominal | C52: 124 | D52: 65670.3
B53: 04.08 - Cirurgia do sistema osteomuscular | C53: 109 | D53: 55050.5
B54: 04.09 - Cirurgia do sistema genito-urinário | C54: 85 | D54: 60408.03
B55: 04.12 - Cirurgia torácica | C55: 18 | D55: 15560
B56: 04.15 - Outras cirurgias | C56: 23 | D56: 11981.5
B57: Clínica Pediátrica | C57: 70 | D57: 19476.21
B58: UTI Adulto | C58: 225 | D58: 135000
B59: Obstetrícia Clinica | C59: 73 | D59: 33273.18
B60: Obstetrícia Cirúrgica | C60: =SUM(C61:C62) -> 112 | D60: =SUM(D61:D62) -> 66342.79
B61: 04.11.06 - Cirurgia Obstétrica - Parto | C61: 90 | D61: 62255.1
B62: 04.11.02 - Outras Cirurgias relacionadas ao estado Gestacional | C62: 22 | D62: 4087.69
B63: Gestação de Alto Risco | C63: =SUM(C64:C65) -> 22 | D63: =SUM(D64:D65) -> 21742.84
B64: 03.10.01.004-7 - Parto Normal em Gestão de Alto Risco | C64: 2 | D64: 1485.38
B65: 04.11.01.002-6 - Cesariano em Gestação de Alto Risco | C65: 20 | D65: 20257.46
B66: UCIN Convencional (UCINCO) | C66: 191 | D66: 57300
B67: UCIN Canguru (UCINCA) | C67: 193 | D67: 165519.57
A68: TOTAL | C68: =SUM(C47,C48,C49,C57,C58,C59,C60,C63,C66,C67) -> 1523 | D68: =SUM(D47,D48,D49,D57,D58,D59,D60,D63,D66,D67) -> 920384.44
A73: Responsável pelo preenchimento
A75: Nome: | B75: MARIA AMÉLIA OLIVEIRA AZEVEDO
A76: Cargo: | B76: FATURISTA
A77: Telefone: | B77: 77 991645112
A78: E-mail: | B78: supfaturamento.hrc@fabamed.org.br

Sheet Anexos de justificativas
D2: Secretaria da Saúde do Estado da Bahia | E2: UNIDADE: | F2: COMPLEXO
D3: Relatório de Informação Hospitalar | E3: ANO: | F3: 2026
E4: MÊS: | F4: SETEMBRO
B11: BLOCO C1 | D11: ANEXOS PARA JUSTIFICATIVAS E ESCLARECIMENTOS
B13: BLOCO | C13: CAMPO | D13: JUSTIFICATIVA / ESCLARECIMENTO
D15: Consulta de Profissionais de Nível Superior (exceto Médico) - Físico 4.070 Financeiro R$ 25.241,00 | E15: 25241
A30: Nome: | D30: MARIA AMÉLIA OLIVEIRA AZEVEDO
A31: Cargo: | D31: FATURISTA
A32: Telefone: | D32: 77 991645112
A33: E-mail: | D33: supfaturamnto@fabamed.org.br
